Map: Traitor's Exile

Players

Musti

  • Race: Terran Terran
  • Spawn Location: 6:00

MustiCryBaby

  • Race: Zerg Zerg
  • Spawn Location: 5:00

BizMac

  • Race: Zerg Zerg
  • Spawn Location: 12:00

ILIEKEGGPIE

  • Race: Protoss Protoss
  • League: Platinum
  • Spawn Location: 9:00

VOD

Have the link to the VOD?

Description

Time

  • Played on: May 23, 2018, 7:14 p.m.
  • Length: 2:55
Show
View Real Time Build Order
Export as new Build Order

Musti Terran 

Build Orders:  

Get SALT Encoding   

  12  0:00  SCV  
  13  0:12  SCV  
  14  0:19  Supply Depot  
  14  0:27  SCV  
  15  0:40  SCV  
  16  0:44  Barracks  
  16  0:56  Barracks  
  16  1:08  Barracks  
  16  1:12  SCV  
  17  1:24  SCV  
  18  1:30  Marine  
  18  1:32  Barracks  
  19  1:40  Supply Depot  
  19  1:44  Marine  
  20  1:50  Marine  
  21  1:56  Marine  
  22  2:02  Marine  
  22  2:08  Marine  
  24  2:11  Orbital Command  
  24  2:19  Marine  
  24  2:20  Marine  
  24  2:22  Marine  
  27  2:32  Marine  
  27  2:35  Supply Depot  
Show
View Real Time Build Order
Export as new Build Order

MustiCryBaby Zerg 

Build Orders: Hatch First 

Get SALT Encoding   

  12  0:00  Drone  
  13  0:10  Drone  
  14  0:37  Hatchery  
  14  0:39  Drone  
  14  0:53  Extractor  
  14  0:56  Spawning Pool  
  12  1:00  Drone  
  13  1:04  Drone  
  14  1:17  Overlord  
  14  1:43  Zergling x6  
  14  1:45  Queen  
  19  1:59  Zergling x4  
  21  2:03  Zergling x2  
  21  2:07  Zergling x2  
  23  2:13  Zergling x2  
  24  2:18  Overlord  
  24  2:23  Zergling x2  
  25  2:30  Zergling x2  
  26  2:38  Zergling x4  
Show
View Real Time Build Order
Export as new Build Order

BizMac Zerg 

Build Orders: Pool First 

Get SALT Encoding   

  12  0:02  Drone  
  13  0:08  Drone  
  14  0:19  Overlord  
  14  0:37  Drone x3  
  17  0:50  Spawning Pool  
  17  0:52  Extractor  
  17  0:53  Drone  
  16  1:00  Drone  
  17  1:25  Hatchery  
  16  1:29  Drone  
  16  1:32  Drone  
  18  1:37  Queen  
  20  1:49  Zergling x2  
  20  1:50  Zergling x2  
  22  2:00  Overlord  
  22  2:22  Zergling x2  
  23  2:25  Drone  
  24  2:34  Zergling x2  
  24  2:37  Spine Crawler  
  24  2:41  Baneling Nest  
Show
View Real Time Build Order
Export as new Build Order

ILIEKEGGPIE Protoss 

Build Orders:  

Get SALT Encoding   

  12  0:01  Probe  
  13  0:13  Probe  
  14  0:27  Pylon  
  14  0:29  Probe  
  15  0:45  Probe  
  16  0:50  Gateway  
  16  0:57  Assimilator, Probe  
  17  1:10  Probe  
  18  1:16  Assimilator  
  18  1:22  Probe  
  19  1:29  Gateway  
  19  1:34  Probe  
  20  1:44  Cybernetics Core  
  20  1:47  Probe  
  21  1:59  Probe  
  22  2:11  Probe  
  23  2:21  Pylon  
  26  2:44  Gateway  
  26  2:47  Gateway  
Tags
 
Add a new tag
Caveats
  • Supply blocks, unpowered buildings, or Contaminate may cause inaccurate times.
  • Supply counts are checked every 10 seconds.